 Dungeon Crawl Stone Soup version 0.29-a0-393-g47a863cc1b (webtiles) character file.

Game seed: 17001759564271889453

9501 siradein the Destroyer (level 11, -2/84 HPs)
             Began as a Demonspawn Conjurer on May 10, 2022.
             Was a Believer of Vehumet.
             Hit by a javelin thrown by Urug (18 damage)
             ... on level 11 of the Dungeon.
             The game lasted 00:55:13 (12471 turns).

siradein the Destroyer (Demonspawn Conjurer)       Turns: 12471, Time: 00:55:13

Health: -2/84      AC: 13    Str: 19    XL:     11   Next: 23%
Magic:  0/25       EV: 12    Int: 23    God:    Vehumet [**....]
Gold:   579        SH:  5    Dex: 18    Spells: 20/31 levels left

rFire   . . .      SeeInvis .   F - +5 quarterstaff of Perfectionism {flame, rPois rC+}
rCold   + . .      Faith    .   (shield currently unavailable)
rNeg    . . .      Spirit   +   A - +2 robe of Responsibility {Str+6 Dex+3}
rPois   +          Reflect  +   m - +0 helmet
rElec   .          Harm     .   (no cloak)
rCorr   .          Rampage  .   (no gloves)
Will    .....                   (no boots)
Stlth   ++++......              g - amulet of reflection
HPRegen 0.24/turn               c - +4 ring of protection
MPRegen 0.38/turn               q - ring "Halowez" {AC+4 Str+4}

@: no status effects
A: thin skeletal structure 2, magic shield, magic regeneration, demonic touch 2
a: Renounce Religion


You were on level 11 of the Dungeon.
You worshipped Vehumet.
Vehumet was pleased with you.
You visited 2 branches of the dungeon, and saw 12 of its levels.

You collected 579 gold pieces.

Inventory:

Hand Weapons
 F - the +5 quarterstaff of Perfectionism (weapon) {flame, rPois rC+}
   (You found it on level 8 of the Dungeon)

   It burns those it strikes, dealing additional fire damage.
   rC:        It protects you from cold.
   rPois:     It protects you from poison.
Missiles
 v - a throwing net
Armour
 m - a +0 helmet (worn)
 A - the +2 robe of Responsibility (worn) {Str+6 Dex+3}
   (You found it on level 7 of the Dungeon)

   Str:       It affects your strength (+6).
   Dex:       It affects your dexterity (+3).
Jewellery
 c - a +4 ring of protection (left hand)
 e - a +4 ring of protection
 g - an amulet of reflection (around neck)
 q - the ring "Halowez" (right hand) {AC+4 Str+4}
   (You found it on level 3 of the Dungeon)

   [ring of protection]

   AC:        It affects your AC (+4).
   Str:       It affects your strength (+4).
 x - the ring "Yromm" {Ice Int-3 Dex+7 Slay+3 Stlth-}
   (You found it on level 6 of the Dungeon)

   [ring of ice]

   It enhances your ice magic.
   Int:       It affects your intelligence (-3).
   Dex:       It affects your dexterity (+7).
   Slay:      It affects your accuracy & damage with ranged weapons and melee
   (+3).
   rF:        It makes you vulnerable to fire.
   rC:        It protects you from cold.
   Stlth:     It makes you less stealthy.
 y - a ring of protection from cold
 E - a ring of protection from fire
Wands
 B - a wand of flame (32)
Scrolls
 a - 6 scrolls of fear
 i - 10 scrolls of teleportation
 k - 4 scrolls of fog
 l - 2 scrolls of brand weapon
 p - 5 scrolls of vulnerability
 u - a scroll of blinking {unknown}
 w - a scroll of magic mapping {unknown}
 z - a scroll of enchant weapon {unknown}
 C - a scroll of immolation {unknown}
 D - a scroll of enchant armour {unknown}
 G - a scroll of amnesia {unknown}
Potions
 b - 4 potions of magic
 d - a potion of resistance
 f - a potion of lignification
 h - a potion of might {unknown}
 j - 4 potions of mutation {unknown}
 n - a potion of berserk rage {unknown}
 o - 5 potions of curing
 r - 3 potions of heal wounds {unknown}
 s - a potion of haste {unknown}
 t - a potion of brilliance {unknown}
Miscellaneous
 H - a lightning rod (4/4)


   Skills:
 + Level 7.6 Fighting
 - Level 1.7 Dodging
 - Level 1.7 Stealth
 + Level 10.6 Spellcasting
 + Level 12.0 Conjurations


You had 20 spell levels left.
You knew the following spells:

 Your Spells              Type           Power      Damage    Failure   Level
a - Magic Dart            Conj           100%       1d8       1%          1
b - Searing Ray           Conj           100%       2d8       1%          2
c - Fulminant Prism       Conj/Hex       19%        3d11      4%          4
d - Iskenderun's Mystic   Conj/Tloc      39%        2d9       4%          4

Your spell library contained the following spells:

 Spells                   Type           Power      Damage    Failure   Level
 Sandblast                Erth           24%        2d8       5%          1
 Dazzling Flash           Conj/Hex       78%        N/A       1%          3


Dungeon Overview and Level Annotations

Branches:
Dungeon (11/15)            Temple (1/1) D:6            Lair (0/6) D:9
    Orc (0/2) D:11

Altars:
Hepliaklqana
Kikubaaqudgha
Okawaru
Qazlal
Sif Muna
Trog
Vehumet
Wu Jian
Yredelemnul
Zin
The Shining One

Annotations:
D:10 Gastronok
D:11 Erica, Josephine, Urug


Innate Abilities, Weirdness & Mutations

You have a moderately thin skeletal structure. (Dex +4, Stealth++)
When hurt, damage is shared between your health and your magic reserves.
You regenerate magic rapidly.
Your touch may inflict irresistible damage on your foes.


Message History

Your fulminant prism crackles loudly.
There is a stone staircase leading down here.
Urug squints and says, "You're the ugliest harpy I ever saw."
Your fulminant prism explodes!
The blast of energy engulfs Urug!!
Urug is almost dead.
Casting: Fulminant Prism (dangerous; 4% risk of failure)
Confirm with . or Enter, or press ? or * to list all spells.
Aiming: Fulminant Prism (dangerous; 4% risk of failure)
Press: ? - help, Dir - move target You conjure a prism of explosive energy!
A fulminant prism comes into view.
Urug throws a javelin.
The javelin pierces through you!
Your fulminant prism crackles loudly.
Urug throws a javelin.
The javelin misses you.
Your fulminant prism explodes!
The blast of energy engulfs Urug.
Urug is almost dead.
Casting: Fulminant Prism (dangerous; 4% risk of failure)
Confirm with . or Enter, or press ? or * to list all spells.
You don't know that spell.
Casting: Fulminant Prism (dangerous; 4% risk of failure)
Confirm with . or Enter, or press ? or * to list all spells.
You don't have enough magic to cast this spell.
Casting: Fulminant Prism (dangerous; 4% risk of failure)
Confirm with . or Enter, or press ? or * to list all spells.
You can't see any susceptible monsters within range! (Use Z to cast anyway.) Unknown command.
You are too injured to fight recklessly!
Casting: Fulminant Prism (dangerous; 4% risk of failure)
Confirm with . or Enter, or press ? or * to list all spells.
Aiming: Magic Dart (safe; 1% risk of failure)
Press: ? - help, Shift-Dir - straight line, f - Urug
Aim: Urug, wielding a +0 broad axe of flaming, wearing a +0 scale mail and quivering javelins (almost dead, 100% to hit)
The magic dart hits Urug.
Urug is almost dead.
Urug throws a javelin.
The javelin pierces through you!!
* * * LOW HITPOINT WARNING * * *
Urug throws a javelin.
The javelin pierces through you!!
You die...

#...# #...###....# ##...
#...# #...# #....# ##..
#...# #...# #....# #..
#...###...# #....######..
#.......<.# #............
#.........###≈≈.≈≈.......
#....###....≈≈≈.≈≈≈###...
##### #....#
#..#.≈≈⌠.⌠≈≈# #... #...#
#....# #@.##.......###...
#...# #....#
#..##≈≈⌠.⌠≈≈......
###...# #....#
#..##≈≈≈.≈≈≈......
..#...# #....#
#..###≈≈.≈≈.......
..#...# #....# #..#
#.....####.>.
....[.###....###..#
#....## #...
!8.[.)[.[<.o...o..#
#....# #...
[.[.).....).......#
#....# #...
.$#######[........# #...
#...


You could see Urug.

Vanquished Creatures
  Erolcha (D:9)
  A hydra (D:11)
  Joseph (D:10)
  A gargoyle (D:11)
  A polar bear (D:10)
  3 trolls
  A hornet (D:9)
  A vampire (D:11)
  Sigmund (D:3)
  3 centaur simulacra (D:10)
  4 wraiths
  A steam dragon (D:10)
  Menkaure (D:6)
  3 wargs (D:9)
  An acid dragon (D:9)
  3 ice beasts
  2 water moccasins
  A black bear (D:6)
  5 orc warriors
  A sky beast (D:7)
  2 ogres
  4 centaurs
  A wolf (D:10)
  A kobold brigand (D:7)
  3 bullfrogs
  A gnoll sergeant (D:6)
  A necrophage (D:5)
  3 scorpions
  5 wights (D:8)
  9 killer bees
  2 howler monkeys (D:10)
  6 orc priests
  3 hounds
  3 jellies
  4 gnoll shamans
  4 iguanas
  Jessica (D:2)
  10 orc wizards
  Natasha (thrice) (D:3)
  Robin (D:3)
  26 gnolls
  13 adders
  2 shadow imps
  5 white imps
  A howler monkey simulacrum (D:10)
  An ufetubus (D:5)
  2 worms (D:2)
  3 dart slugs
  30 orcs
  4 endoplasms
  5 giant cockroaches
  7 hobgoblins
  4 jackals
  3 quokkas
  6 ball pythons
  4 bats
  A frilled lizard (D:3)
  13 goblins
  8 kobolds
  4 rats
245 creatures vanquished.

Vanquished Creatures (others)
  98 fulminant prisms
  4 plants
102 creatures vanquished.

Grand Total: 347 creatures vanquished

Notes
Turn   | Place    | Note
-------+----------+-------------------------------------------
     0 | D:1      | siradein the Demonspawn Conjurer began the quest for the
                  | Orb.
     0 | D:1      | Reached XP level 1. HP: 13/13 MP: 3/3
   384 | D:1      | Gained mutation: You regenerate magic rapidly. [demonic
                  | ancestry]
   384 | D:1      | Reached XP level 2. HP: 19/19 MP: 3/5
   410 | D:1      | Learned a level 2 spell: Searing Ray
   912 | D:1      | Reached XP level 3. HP: 24/24 MP: 2/7
  1229 | D:2      | Gained mutation: Your touch may inflict minor irresistible
                  | damage on your foes. [demonic ancestry]
  1229 | D:2      | Reached XP level 4. HP: 30/30 MP: 5/8
  1508 | D:2      | Reached skill level 5 in Conjurations
  1607 | D:2      | Noticed Jessica
  1614 | D:2      | Killed Jessica
  1813 | D:2      | Reached XP level 5. HP: 35/35 MP: 7/10
  1950 | D:2      | Learned a level 4 spell: Fulminant Prism
  1955 | D:2      | Learned a level 4 spell: Iskenderun's Mystic Blast
  2015 | D:3      | Noticed Robin
  2021 | D:3      | Killed Robin
  2090 | D:3      | Noticed an ice beast
  2264 | D:3      | Killed an ice beast
  2377 | D:3      | Gained mutation: Your touch may inflict irresistible damage
                  | on your foes. [demonic ancestry]
  2377 | D:3      | Reached XP level 6. HP: 41/41 MP: 10/12
  2414 | D:3      | Noticed Sigmund
  2421 | D:3      | Killed Sigmund
  2422 | D:3      | Reached skill level 6 in Conjurations
  2533 | D:3      | Reached skill level 5 in Spellcasting
  2611 | D:3      | Noticed Natasha
  2616 | D:3      | Killed Natasha
  2776 | D:3      | Identified the ring "Halowez" {AC+4 Str+4}
  3051 | D:3      | Found a basalt altar of Yredelemnul.
  3053 | D:3      | Noticed a profane servitor
  3128 | D:3      | Noticed Natasha
  3131 | D:3      | Killed Natasha
  3132 | D:3      | Reached XP level 7. HP: 44/46 MP: 9/14
  3142 | D:3      | Noticed Natasha
  3144 | D:3      | Killed Natasha
  3279 | D:3      | Noticed an angel
  4070 | D:4      | Reached skill level 7 in Conjurations
  4221 | D:5      | Entered Level 5 of the Dungeon
  4547 | D:5      | Reached XP level 8. HP: 52/52 MP: 10/17
  4611 | D:5      | Found a faded altar of an unknown god.
  4611 | D:5      | Found a faded altar of an unknown god.
  4613 | D:5      | Found a hazy altar of Hepliaklqana.
  4805 | D:5      | Reached skill level 8 in Conjurations
  5185 | D:6      | Identified the ring "Yromm" {Ice Int-3 Dex+7 Slay+3 Stlth-}
  5339 | D:6      | Found an ancient bone altar of Kikubaaqudgha.
  5683 | D:6      | Reached skill level 9 in Conjurations
  5814 | D:6      | Found a staircase to the Ecumenical Temple.
  5829 | Temple   | Entered the Ecumenical Temple
  5855 | Temple   | Became a worshipper of Vehumet
  6112 | D:6      | Noticed Menkaure
  6117 | D:6      | Killed Menkaure
  6173 | D:7      | Gained mutation: When hurt, damage is shared between your
                  | health and your magic reserves. [demonic ancestry]
  6173 | D:7      | Reached XP level 9. HP: 57/57 MP: 15/20
  6211 | D:7      | Identified the +2 robe of Responsibility {Str+6 Dex+3}
  6320 | D:7      | Reached skill level 1 in Fighting
  6922 | D:8      | Found an iron altar of Okawaru.
  6999 | D:8      | Reached * piety under Vehumet
  6999 | D:8      | Offered knowledge of Freeze by Vehumet.
  7114 | D:8      | Found a stormy altar of Qazlal.
  7233 | D:8      | Reached skill level 10 in Conjurations
  7638 | D:8      | Identified the +5 quarterstaff of Perfectionism {flame,
                  | rPois rC+}
  8077 | D:9      | Noticed Erolcha
  8130 | D:9      | Noticed a troll
  8178 | D:9      | Killed a troll
  8247 | D:9      | Gained mutation: You have a somewhat thin skeletal
                  | structure. (Dex +2, Stealth+) [demonic ancestry]
  8247 | D:9      | Reached XP level 10. HP: 55/73 MP: 9/23
  8463 | D:9      | Killed Erolcha
  8464 | D:9      | Reached skill level 5 in Fighting
  8662 | D:9      | Found a staircase to the Lair.
  8727 | D:9      | Paralysed by a hornet for 3 turns
  8880 | D:9      | Reached skill level 11 in Conjurations
  9194 | D:10     | Entered Level 10 of the Dungeon
  9195 | D:10     | Noticed Gastronok
  9301 | D:10     | Noticed Joseph
  9313 | D:10     | Killed Joseph
  9384 | D:10     | HP: 3/76 [Gastronok/the air (18)]
 10203 | D:10     | Reached skill level 10 in Spellcasting
 10369 | D:10     | Found an ornate altar of the Wu Jian Council.
 10622 | D:11     | Noticed a gargoyle
 10633 | D:11     | Killed a gargoyle
 10647 | D:11     | Gained mutation: You have a moderately thin skeletal
                  | structure. (Dex +4, Stealth++) [demonic ancestry]
 10647 | D:11     | Reached XP level 11. HP: 84/84 MP: 6/25
 10702 | D:11     | Noticed Erica
 10812 | D:11     | Noticed Josephine
 10839 | D:10     | Reached ** piety under Vehumet
 11430 | D:10     | Found an ornate altar of the Wu Jian Council.
 11512 | D:10     | Offered knowledge of Sandblast by Vehumet.
 11965 | D:11     | Found Pahu's Self-Improvement Boutique.
 12326 | D:11     | Found a staircase to the Orcish Mines.
 12364 | D:11     | Noticed an eight-headed hydra
 12427 | D:11     | Killed an eight-headed hydra
 12428 | D:11     | Reached skill level 12 in Conjurations
 12448 | D:11     | Noticed Urug
 12471 | D:11     | Hit by a javelin thrown by Urug

Illustrated notes

Levels and vault maps discovered:
D:1:      grunt_arrival_crossed_arrows, layout_loops_ring
D:2:      layout_loops_ring, nicolae_elevator_lobby_plus, uniq_jessica
D:3:      layout_basic, grunt_temple_overflow_holy_war, interstate_on_off,
          minmay_checkerbox, uniq_natasha, uniq_robin, uniq_sigmund
D:4:      layout_loops_corners
D:5:      layout_cave_pools, nicolae_hepliaklqana_ecumenical_no_more
D:6:      layout_loops_cross, nicolae_kikubaaqudgha_miasma_corner,
          minmay_temple_entry_overgrown, uniq_menkaure
D:7:      layout_basic
D:8:      layout_gridville, nicolae_qazlal_general_emergency,
          mainiacjoe_overflow_small_starburst
D:9:      layout_loops_ring, erik_lair_orcish_takeover, uniq_erolcha
D:10:     layout_gridville, lemuel_crystal_altar, serial_ice, serial_ice_h,
          serial_ice_i, serial_ice_m, serial_ice_e, uniq_gastronok, uniq_joseph
D:11:     minmay_tri_box, layout_small_grid, david_orc_2,
          nicolae_shop_self_help, uniq_urug, uniq_josephine, uniq_erica
Temple:   regret_index_temple_waves

Skill      XL: |  1  2  3  4  5  6  7  8  9 10 11 |
---------------+----------------------------------+-----
Spellcasting   | 3 4 5 6 7 9 10 | 10.6
Conjurations   | 5 6 7 9 10 11 12 | 12.0
Fighting       | 4 7 |  7.6
Dodging        | |  1.7
Stealth        | |  1.7

Action                   |  1- 3 |  4- 6 |  7- 9 | 10-12 || total
-------------------------+-------+-------+-------+-------++-------
Melee: Unarmed           |       |     1 |       |       ||     1
       Spear             |       |       |     9 |       ||     9
       Quarterstaff      |       |       |     1 |     2 ||     3
 Cast: Magic Dart        |    31 |    55 |   169 |    63 ||   318
       Searing Ray       |     8 |    16 |    73 |    23 ||   120
       Fulminant Prism   |       |       |    20 |    78 ||    98
       Iskenderun's Myst |       |       |       |    11 ||    11
  Use: Scroll            |       |     1 |     9 |     1 ||    11
       Potion            |       |       |       |     2 ||     2
Armor: Robe              |     2 |     1 |    26 |    36 ||    65
       Animal skin       |       |       |    14 |       ||    14
Dodge: Dodged            |     4 |    10 |    66 |    91 ||   171
Block: Other             |     2 |     5 |    22 |    37 ||    66
       Reflection        |       |     1 |     2 |     3 ||     6

Table legend: (Time is in decaauts)
 A = Elapsed time spent in this place.
 B = Non-inter-level travel time spent in this place.
 C = Inter-level travel time spent in this place.
 D = Time resting spent in this place.
 E = Time spent auto-exploring this place.
 F = Levels seen in this place.
 G = Mean time per level.
                   A        B        C        D        E       F      G
               +--------+--------+--------+--------+--------+-----+--------+
         Total |  12564 |  12083 |    481 |    762 |   8931 |  12 | 1047.0 |
       Dungeon |  12518 |  12037 |    481 |    762 |   8915 |  11 | 1138.0 |
        Temple |     45 |     45 |      0 |      0 |     16 |   1 |   45.0 |
               +--------+--------+--------+--------+--------+-----+--------+

Top non-repeatable levels by time:
    D:10: 2434 daAuts
     D:9: 1865 daAuts
     D:3: 1297 daAuts
     D:6: 1041 daAuts
     D:1: 1028 daAuts
     D:4: 1002 daAuts
     D:8: 985 daAuts
     D:2: 975 daAuts
     D:5: 777 daAuts
     D:7: 719 daAuts
    D:11: 390 daAuts
  Temple: 45 daAuts
